 Dungeon Crawl Stone Soup version 0.29.0-4-gdea44cf6ec (webtiles) character file.

Game seed: 8827529006473492215

6438 qw the Cleaver (level 10, -3/81 (88) HPs)
             Began as a Minotaur Berserker on Sept 9, 2022.
             Was an Elder of Trog.
             Killed by divine providence
             ... invoked by an orc priest
              (14 damage)
             ... on level 10 of the Dungeon.
             The game lasted 00:02:58 (8636 turns).

qw the Cleaver (Minotaur Berserker)                 Turns: 8636, Time: 00:02:58

HP:   -3/81 (88)    AC: 14    Str: 34    XL:     10   Next: 67%
MP:   9/9           EV:  9    Int:  4    God:    Trog [****..]
Gold: 416           SH: 11    Dex: 15    Spells: 9/9 levels left

rFire   . . .      SeeInvis .   Y - +0 broad axe
rCold   . . .      Faith    .   c - +0 kite shield
rNeg    . . .      Spirit   .   i - +1 chain mail "Saweso" {Will+ Regen+ Str+7}
rPois   +          Reflect  .   (helmet restricted)
rElec   .          Harm     .   o - +0 cloak
rCorr   .          Rampage  .   k - +1 pair of gloves
Will    +....                   (no boots)
Stlth   ..........              (no amulet)
HPRegen 1.03/turn               p - +6 ring of dexterity
MPRegen 0.11/turn               q - ring of poison resistance

@: about to teleport, on berserk cooldown, slowed, drained, very slow
A: horns 2, retaliatory headbutt
a: Renounce Religion, Berserk, Trog's Hand, Brothers in Arms


You were on level 10 of the Dungeon.
You worshipped Trog.
Trog was greatly pleased with you.
You visited 1 branch of the dungeon, and saw 10 of its levels.

You collected 625 gold pieces.
You spent 209 gold pieces at shops.


Innate Abilities, Weirdness & Mutations

You have a pair of horns on your head.
You reflexively headbutt those who attack you in melee.


   Skills:
 - Level 8.0 Fighting
 - Level 14.1 Axes
 - Level 1.3 Throwing
 + Level 5.3 Armour
 - Level 4.2 Dodging
 - Level 9.7 Shields


You had 9 spell levels left.
You didn't know any spells.
Your spell library was empty.

Inventory:

Hand Weapons
 b - a +0 morningstar
 Y - a +0 broad axe (weapon)
Missiles
 t - 3 boomerangs (quivered)
Armour
 c - a +0 kite shield (worn)
 i - the +1 chain mail "Saweso" (worn) {Will+ Regen+ Str+7}
   (You found it on level 2 of the Dungeon)

   Str:       It affects your strength (+7).
   Regen:     It increases your rate of health regeneration.
   Will:      It increases your willpower.
 k - a +1 pair of gloves (worn)
 o - a +0 cloak (worn)
Jewellery
 p - a +6 ring of dexterity (left hand)
 q - a ring of poison resistance (right hand)
 u - a ring of ice
Scrolls
 h - a scroll of identify
Potions
 a - a potion of cancellation
 d - 2 potions of mutation
 e - a potion of haste
 f - 2 potions of resistance
 g - a potion of heal wounds
 m - a potion of curing
 n - 2 potions of might
 r - a potion of berserk rage {unknown}

Dungeon Overview and Level Annotations

Branches:
Dungeon (10/15)            Temple (0/1) D:4            Lair (0/5) D:10
    Orc (0/2) D:9

Altars:
Cheibriados
Uskayaw

Shops:
D:9 [(

Annotations:
D:3 3 runed translucent doors, qw's ghost, amateur DsCA
D:8 2 transporters
D:10 Nergalle


Message History

The spectral orc warrior disappears in a puff of smoke!
A killer bee comes into view.
The wyvern bites you but does no damage.
Nergalle closely misses you. You furiously retaliate!
You headbutt Nergalle!
The spectral orc warrior barely misses you.
The spectral orc warrior hits you from afar with a +0 trident.
You feel drained. You block the wyvern's attack.
The orc priest mumbles some strange prayers to Beogh against you.
Beogh smites you! Nergalle hits you but does no damage.
The killer bee buzzes angrily.
You hit the spectral orc warrior but do no damage.
The spectral orc warrior is almost destroyed.
You barely miss Nergalle. You slash the wyvern!
You hear an angry buzzing noise.
You block the wyvern's attack.
You block the spectral orc warrior's attack.
The spectral orc warrior barely misses you.
The wyvern bites you but does no damage.
The orc wizard casts a spell.
The orc wizard flickers and vanishes!
Nergalle hits you but does no damage.
The spectral orc warrior hits you with a +0 halberd!
The spectral orc warrior hits you from afar with a +0 trident.
You feel drained.
8636 ||| READING scroll of teleportation.
As you read the scroll of teleportation, it crumbles to dust.
You feel strangely unstable.
A killer bee comes into view.
You block the wyvern's attack. Nergalle casts a spell at you.
The bolt of negative energy misses you.
The bolt of negative energy hits the spectral orc warrior.
The spectral orc warrior completely resists.
The wyvern closely misses you. You furiously retaliate!
You headbutt the wyvern!
You kill the wyvern!
Trog accepts your kill.
You block the spectral orc warrior's attack.
The spectral orc warrior hits you from afar with a +0 trident.
The orc priest calls down the wrath of Beogh upon you.
Beogh smites you!
You die...

##. #.. P... #.##### #.#
...h #.....####.# ..Y.l
#####....... P..l.
#...#... .....o ##.#.#.#.
#...oo###########..#.#.#.
....o.oo@.Z...(...##.#.#.
....##)#Z##########.#.#.
# #{#Z# #.#.## yo#.#
>..... ##y#.# .#. .....
... #.#.# #.. #.... ##.
..... #.


You could see Nergalle, 3 spectral orc warriors, an orc warrior, 2 killer bees,
an orc priest, an orc wizard and 2 orcs.

Vanquished Creatures
  A death yak (D:10)
  A gargoyle (D:10)
  Prince Ribbit (D:5)
  5 yaks (D:10)
  A basilisk (D:10)
  3 wyverns
  A steam dragon (D:9)
  4 water moccasins
  6 orc warriors
  A black bear (D:10)
  An ogre (D:5)
  2 centaurs
  3 phantoms
  3 kobold brigands
  5 bullfrogs
  2 gnoll sergeants
  A scorpion (D:5)
  9 wights
  11 killer bees
  2 howler monkeys
  4 hounds
  2 gnoll boudas (D:7)
  An orc priest (D:9)
  Jessica (D:3)
  4 iguanas
  Terence (D:3)
  5 orc wizards
  22 gnolls
  8 adders
  A shadow imp (D:6)
  A white imp (D:7)
  An ufetubus (D:6)
  3 worms
  4 dart slugs
  17 orcs
  5 bats
  2 endoplasms (D:1)
  5 giant cockroaches
  6 hobgoblins
  6 jackals
  4 quokkas
  8 ball pythons
  2 frilled lizards
  3 goblins
  26 kobolds
  3 rats (D:3)
208 creatures vanquished.

Vanquished Creatures (others)
  An orc wizard (D:8)
  A gnoll (D:9)
  A plant (D:10)
3 creatures vanquished.

Grand Total: 211 creatures vanquished

Notes
Turn   | Place    | Note
-------+----------+-------------------------------------------
     0 | D:1      | qw the Minotaur Berserker began the quest for the Orb.
     0 | D:1      | Reached XP level 1. HP: 19/19 MP: 0/0
     0 | D:1      | 0 ||| qw: Version: 0.1-a-113-g051387a
     0 | D:1      | 0 ||| qw: Game counter: 7210
     0 | D:1      | 0 ||| qw: Always use a shield: true
     0 | D:1      | 0 ||| qw: Do Orc after D:15 true
     0 | D:1      | 0 ||| qw: Do second Lair branch before Depths: true
     0 | D:1      | 0 ||| qw: Lair rune preference: random
     0 | D:1      | 0 ||| qw: Plans: Normal
     0 | D:1      | 0 ||| PLANNING D:1-11
   138 | D:1      | Reached skill level 4 in Axes
   209 | D:1      | Reached XP level 2. HP: 21/26 MP: 1/1
   432 | D:1      | 432 ||| Stepping ~*~*~tactically~*~*~ (stealth).
   436 | D:1      | 436 ||| Stepping ~*~*~tactically~*~*~ (stealth).
   589 | D:1      | 589 ||| Stepping ~*~*~tactically~*~*~ (hiding).
   655 | D:1      | 655 ||| Stepping ~*~*~tactically~*~*~ (hiding).
   757 | D:1      | 757 ||| Stepping ~*~*~tactically~*~*~ (hiding).
   866 | D:1      | Reached skill level 5 in Axes
  1076 | D:1      | 1076 ||| UPGRADING to +0 chain mail.
  1086 | D:1      | 1086 ||| DROPPING +0 animal skin.
  1087 | D:1      | 1087 ||| READING scroll labelled GAIPHO ARGHOUSY.
  1088 | D:1      | 1088 ||| READING 2 scrolls labelled RICOSTRI FISAOH.
  1089 | D:1      | 1089 ||| DRINKING 2 sedimented puce potions.
  1147 | D:2      | Reached XP level 3. HP: 29/29 MP: 2/2
  1223 | D:2      | 1223 ||| Stepping ~*~*~tactically~*~*~ (stealth).
  1230 | D:2      | Reached ** piety under Trog
  1404 | D:2      | Found a faded altar of an unknown god.
  1647 | D:2      | Identified the +1 chain mail "Saweso" {Will+ Regen+ Str+7}
  1816 | D:2      | 1816 ||| INVOKING Berserk.
  2077 | D:2      | 2077 ||| UPGRADING to +1 chain mail "Saweso" {Will+ Regen+
                  | Str+7}.
  2087 | D:2      | 2087 ||| DROPPING +0 chain mail.
  2088 | D:2      | 2088 ||| READING scroll labelled SAMPOE WEOHUO.
  2089 | D:2      | 2089 ||| DRINKING 2 bubbling grey potions.
  2123 | D:2      | 2123 ||| READING 2 scrolls of identify.
  2123 | D:2      | 2123 ||| IDENTIFYING grey potion
  2124 | D:2      | 2124 ||| DROPPING potion of lignification.
  2125 | D:2      | 2125 ||| DROPPING potion of attraction.
  2143 | D:3      | Reached skill level 6 in Axes
  2143 | D:3      | Reached XP level 4. HP: 39/39 MP: 3/3
  2330 | D:3      | Noticed Terence
  2332 | D:3      | 2332 ||| Stepping ~*~*~tactically~*~*~ (stealth).
  2334 | D:3      | 2334 ||| INVOKING Berserk.
  2335 | D:3      | Killed Terence
  2451 | D:3      | Noticed qw's ghost (amateur DsCA)
  2453 | D:3      | Noticed an ice beast
  2454 | D:3      | 2454 ||| READING scroll of enchant weapon.
  2454 | D:3      | 2454 ||| ENCHANTING +1 hand axe.
  2457 | D:3      | Found a runed translucent gate.
  2457 | D:3      | Found a runed translucent gate.
  2457 | D:3      | Found a runed translucent gate.
  2518 | D:3      | Noticed a bullfrog
  2526 | D:3      | Killed a bullfrog
  2527 | D:3      | Reached skill level 7 in Axes
  2527 | D:3      | Reached XP level 5. HP: 33/45 MP: 4/4
  2541 | D:3      | 2541 ||| INVOKING Berserk.
  2839 | D:3      | Noticed Jessica
  2848 | D:3      | Killed Jessica
  3158 | D:3      | 3158 ||| READING 3 scrolls labelled GOADYPU ZILIEF.
  3159 | D:3      | 3159 ||| READING 2 scrolls labelled DEIXED NUISU.
  3189 | D:3      | 3189 ||| READING 3 scrolls of identify.
  3189 | D:3      | 3189 ||| IDENTIFYING smoky cyan potion
  3190 | D:3      | 3190 ||| READING 2 scrolls of identify.
  3190 | D:3      | 3190 ||| IDENTIFYING bubbling dark potion
  3191 | D:3      | 3191 ||| DROPPING 2 scrolls of summoning.
  3192 | D:3      | 3192 ||| DROPPING potion of flight.
  3221 | D:4      | Noticed a centaur
  3223 | D:4      | Reached XP level 6. HP: 36/52 MP: 5/5
  3229 | D:4      | 3229 ||| INVOKING Berserk.
  3235 | D:4      | Reached skill level 8 in Axes
  3250 | D:4      | HP: 11/52 [gnoll/+0 flail (7)]
  3251 | D:4      | 3251 ||| READING scroll of teleportation.
  3301 | D:4      | 3301 ||| Stepping ~*~*~tactically~*~*~ (stealth).
  3342 | D:4      | Found a staircase to the Ecumenical Temple.
  3353 | D:4      | Reached skill level 9 in Axes
  3358 | D:4      | 3358 ||| READING scroll of enchant weapon.
  3358 | D:4      | 3358 ||| ENCHANTING +2 hand axe.
  3444 | D:4      | 3444 ||| DROPPING +0 mace.
  3551 | D:4      | 3551 ||| READING scroll of enchant weapon.
  3551 | D:4      | 3551 ||| ENCHANTING +3 hand axe.
  3590 | D:4      | Found a snail-covered altar of Cheibriados.
  3620 | D:4      | Found a hide-covered altar of Uskayaw.
  3741 | D:4      | 3741 ||| DROPPING amulet of magic regeneration.
  3742 | D:4      | 3742 ||| UPGRADING to +6 ring of dexterity.
  3743 | D:4      | 3743 ||| UPGRADING to ring of poison resistance.
  3744 | D:4      | 3744 ||| READING scroll labelled HUCIFA EBLOQIST.
  3745 | D:4      | 3745 ||| READING scroll labelled MECOC REBLELEPT.
  3746 | D:4      | 3746 ||| READING scroll labelled PUETOSOROU.
  3747 | D:4      | 3747 ||| DRINKING 2 murky emerald potions.
  3748 | D:4      | 3748 ||| DROPPING potion of degeneration.
  3767 | D:5      | Entered Level 5 of the Dungeon
  3795 | D:5      | 3795 ||| Stepping ~*~*~tactically~*~*~ (stealth).
  3834 | D:5      | Noticed Prince Ribbit
  3837 | D:5      | 3837 ||| INVOKING Berserk.
  3854 | D:5      | Killed Prince Ribbit
  3855 | D:5      | Reached XP level 7. HP: 45/62 MP: 6/6
  4082 | D:5      | 4082 ||| Stepping ~*~*~tactically~*~*~ (stealth).
  4091 | D:5      | Reached skill level 10 in Axes
  4100 | D:5      | 4100 ||| Stepping ~*~*~tactically~*~*~ (stealth).
  4101 | D:5      | 4101 ||| Stepping ~*~*~tactically~*~*~ (stealth).
  4111 | D:5      | 4111 ||| DROPPING +0 flail.
  4126 | D:5      | 4126 ||| INVOKING Berserk.
  4129 | D:5      | Reached skill level 3 in Armour
  4129 | D:5      | Reached XP level 8. HP: 70/70 MP: 7/7
  4332 | D:5      | Reached skill level 6 in Fighting
  4354 | D:5      | 4354 ||| Stepping ~*~*~tactically~*~*~ (hiding).
  4362 | D:5      | Reached *** piety under Trog
  4466 | D:5      | 4466 ||| Stepping ~*~*~tactically~*~*~ (stealth).
  4697 | D:5      | 4697 ||| UPGRADING to +0 kite shield.
  4744 | D:6      | 4744 ||| Stepping ~*~*~tactically~*~*~ (hiding).
  4746 | D:6      | 4746 ||| Stepping ~*~*~tactically~*~*~ (hiding).
  4751 | D:6      | Reached skill level 1 in Shields
  4836 | D:6      | 4836 ||| Stepping ~*~*~tactically~*~*~ (stealth).
  4837 | D:6      | 4837 ||| Stepping ~*~*~tactically~*~*~ (stealth).
  4846 | D:6      | 4846 ||| Stepping ~*~*~tactically~*~*~ (stealth).
  4848 | D:6      | 4848 ||| Stepping ~*~*~tactically~*~*~ (stealth).
  4849 | D:6      | 4849 ||| Stepping ~*~*~tactically~*~*~ (stealth).
  4850 | D:6      | 4850 ||| Stepping ~*~*~tactically~*~*~ (stealth).
  4851 | D:6      | 4851 ||| Stepping ~*~*~tactically~*~*~ (stealth).
  4858 | D:6      | Reached skill level 3 in Shields
  4863 | D:6      | 4863 ||| READING scroll of enchant weapon.
  4863 | D:6      | 4863 ||| ENCHANTING +4 hand axe.
  4949 | D:6      | 4949 ||| READING scroll of enchant weapon.
  4949 | D:6      | 4949 ||| ENCHANTING +5 hand axe.
  5287 | D:6      | 5287 ||| SWAPPING to +0 war axe.
  5294 | D:6      | 5294 ||| Stepping ~*~*~tactically~*~*~ (hiding).
  5296 | D:6      | Reached skill level 6 in Shields
  5312 | D:6      | 5312 ||| DROPPING +6 hand axe.
  5441 | D:6      | 5441 ||| DROPPING ring of magical power.
  5442 | D:6      | 5442 ||| DRINKING 2 fuming coppery potions.
  5443 | D:6      | 5443 ||| DRINKING 2 white potions.
  5444 | D:6      | 5444 ||| DRINKING 2 pink potions.
  5445 | D:6      | 5445 ||| DROPPING potion of brilliance.
  5531 | D:7      | 5531 ||| INVOKING Berserk.
  5690 | D:7      | Reached skill level 3 in Dodging
  5690 | D:7      | Reached XP level 9. HP: 77/77 MP: 8/8
  5742 | D:7      | Reached skill level 11 in Axes
  5762 | D:7      | 5762 ||| Stepping ~*~*~tactically~*~*~ (hiding).
  5771 | D:7      | 5771 ||| INVOKING Berserk.
  5781 | D:7      | Reached **** piety under Trog
  6160 | D:7      | 6160 ||| Stepping ~*~*~tactically~*~*~ (hiding).
  6424 | D:7      | 6424 ||| UPGRADING to +0 pair of gloves.
  6429 | D:7      | 6429 ||| READING scroll of enchant armour.
  6429 | D:7      | 6429 ||| ENCHANTING +0 pair of gloves.
  6579 | D:8      | Found a transporter.
  6579 | D:8      | Noticed a centaur warrior
  6580 | D:8      | Noticed a troll
  6580 | D:8      | Noticed a six-headed hydra
  6630 | D:8      | 6630 ||| Stepping ~*~*~tactically~*~*~ (stealth).
  6638 | D:8      | Reached skill level 12 in Axes
  6670 | D:8      | Identified the +4 scimitar of Oozing Pus {vorpal, rN++
                  | SInv}
  6741 | D:8      | Found a transporter.
  6936 | D:8      | 6936 ||| Stepping ~*~*~tactically~*~*~ (hiding).
  6937 | D:8      | 6937 ||| Stepping ~*~*~tactically~*~*~ (hiding).
  6940 | D:8      | 6940 ||| Stepping ~*~*~tactically~*~*~ (hiding).
  6945 | D:8      | Reached skill level 1 in Throwing
  7413 | D:8      | 7413 ||| Stepping ~*~*~tactically~*~*~ (stealth).
  7416 | D:8      | 7416 ||| Stepping ~*~*~tactically~*~*~ (stealth).
  7419 | D:8      | 7419 ||| Stepping ~*~*~tactically~*~*~ (stealth).
  7421 | D:8      | 7421 ||| Stepping ~*~*~tactically~*~*~ (stealth).
  7467 | D:8      | 7467 ||| INVOKING Berserk.
  7488 | D:8      | 7488 ||| DRINKING 2 potions of curing.
  7488 | D:8      | 7488 ||| (to cure confusion)
  7635 | D:8      | 7635 ||| READING 3 scrolls labelled YFRYUST KOIHIDGH.
  7636 | D:8      | 7636 ||| DRINKING 3 sapphire potions.
  7637 | D:8      | 7637 ||| READING 2 scrolls of identify.
  7637 | D:8      | 7637 ||| IDENTIFYING amethyst potion
  7638 | D:8      | 7638 ||| DROPPING 2 scrolls of vulnerability.
  7639 | D:8      | 7639 ||| DROPPING 2 potions of magic.
  7675 | D:9      | Reached skill level 9 in Shields
  7675 | D:9      | 7675 ||| STAIRDANCE
  7716 | D:9      | 7716 ||| Stepping ~*~*~tactically~*~*~ (stealth).
  7717 | D:9      | 7717 ||| Stepping ~*~*~tactically~*~*~ (stealth).
  7726 | D:9      | 7726 ||| INVOKING Berserk.
  7742 | D:9      | 7742 ||| Stepping ~*~*~tactically~*~*~ (stealth).
  7765 | D:9      | Reached XP level 10. HP: 86/86 MP: 9/9
  7935 | D:9      | Found Lustravi's Armour Emporium.
  7937 | D:9      | Found a staircase to the Orcish Mines.
  7938 | D:9      | 7938 ||| Stepping ~*~*~tactically~*~*~ (hiding).
  7940 | D:9      | 7940 ||| INVOKING Berserk.
  7949 | D:9      | Reached skill level 13 in Axes
  7952 | D:9      | Found Nimodi's Weapon Emporium.
  8067 | D:9      | 8067 ||| BUYING +0 cloak (63 gold).
  8067 | D:9      | Bought a +0 cloak for 63 gold pieces
  8073 | D:9      | 8073 ||| BUYING +1 vorpal war axe (146 gold).
  8073 | D:9      | Bought a +1 vorpal war axe for 146 gold pieces
  8073 | D:9      | 8073 ||| SHOPLISTING +7 hand axe "Fiseivuq" {venom, Dex+3
                  | SInv} (673 gold, have 378).
  8073 | D:9      | 8073 ||| SWAPPING to +1 vorpal war axe.
  8074 | D:9      | 8074 ||| DROPPING +0 war axe.
  8219 | D:9      | 8219 ||| SWAPPING to +0 broad axe.
  8228 | D:9      | 8228 ||| DROPPING +1 vorpal war axe.
  8413 | D:9      | 8413 ||| UPGRADING to +0 cloak.
  8418 | D:9      | 8418 ||| READING scroll labelled GYFARI DEZI.
  8419 | D:9      | 8419 ||| READING scroll labelled ZIC OJYKAVITT.
  8460 | D:9      | 8460 ||| DRINKING 3 fizzy white potions.
  8461 | D:9      | 8461 ||| READING 2 scrolls of identify.
  8461 | D:9      | 8461 ||| IDENTIFYING bubbling sapphire potion
  8493 | D:10     | Entered Level 10 of the Dungeon
  8506 | D:10     | Noticed a gargoyle
  8507 | D:10     | 8507 ||| Stepping ~*~*~tactically~*~*~ (hiding).
  8516 | D:10     | Killed a gargoyle
  8529 | D:10     | Reached ***** piety under Trog
  8602 | D:10     | Found a staircase to the Lair.
  8602 | D:10     | Noticed a death yak
  8602 | D:10     | Noticed Nergalle
  8603 | D:10     | 8603 ||| Stepping ~*~*~tactically~*~*~ (hiding).
  8604 | D:10     | 8604 ||| Stepping ~*~*~tactically~*~*~ (stealth).
  8605 | D:10     | 8605 ||| INVOKING Brothers in Arms.
  8607 | D:10     | 8607 ||| INVOKING Brothers in Arms.
  8608 | D:10     | 8608 ||| INVOKING Brothers in Arms.
  8612 | D:10     | 8612 ||| INVOKING Berserk.
  8620 | D:10     | Killed a death yak
  8621 | D:10     | Reached skill level 14 in Axes
  8635 | D:10     | HP: 15/83 [spectral orc warrior/+0 trident[Nergalle] (6)]
  8636 | D:10     | 8636 ||| READING scroll of teleportation.
  8636 | D:10     | Killed from afar by an orc priest

Levels and vault maps discovered:
D:1:      saegor_arrival_simple_a, layout_rooms, st_stairs_7
D:2:      layout_rooms, chequers_ecumenical_altar_simple_redux,
          serial_corexii_hall, corexii_hall_statues_x, corexii_hall_statues_l,
          chequers_hall_statues_wall_a, chequers_hall_statues_y,
          chequers_hall_statues_corner_a, corexii_hall_statues_l,
          roderic_serpentine_path
D:3:      layout_basic, gammafunk_ghost_split, uniq_jessica, uniq_terence
D:4:      layout_cave_pools, mainiacjoe_overflow_large_starburst,
          temple_fountains
D:5:      layout_loops_ring, uniq_prince_ribbit1
D:6:      layout_loops_ring
D:7:      layout_basic, eino_jars
D:8:      gammafunk_the_bubble [the_bubble_gammafunk_crates], layout_basic
D:9:      layout_rooms, orc_david_3, enter_bailey_4, moated_statue
D:10:     layout_rooms, david_lair_generic, hangedman_decor_slide_cut,
          uniq_nergalle

Skill      XL: |  1  2  3  4  5  6  7  8  9 10 |
---------------+-------------------------------+-----
Axes           | 4 5 6 7 9 10 12 14 | 14.1
Fighting       | 4 5 6 7 8 |  8.0
Armour         | 3 4 5 |  5.3
Shields        | 7 9 |  9.7
Dodging        | 3 4 |  4.2
Throwing       | 1 |  1.3

Action                   |  1- 3 |  4- 6 |  7- 9 | 10-12 || total
-------------------------+-------+-------+-------+-------++-------
Melee: Hand axe          |    86 |    74 |    84 |       ||   244
       Headbutt          |    10 |    13 |    42 |    11 ||    76
       Punch             |       |     1 |       |       ||     1
       War axe           |       |       |   147 |    18 ||   165
       Broad axe         |       |       |       |    52 ||    52
Throw: Boomerang         |       |       |     4 |     8 ||    12
Invok: Berserk           |     1 |     4 |     5 |     2 ||    12
       Brothers in Arms  |       |       |       |     1 ||     1
  Use: Scroll            |     4 |    11 |     5 |     4 ||    24
       Potion            |     2 |     1 |     5 |     1 ||     9
 Stab: Distracted        |       |       |     1 |       ||     1
Armor: Animal skin       |     6 |       |       |       ||     6
       Chain mail        |    27 |    30 |    88 |    39 ||   184
Dodge: Dodged            |    44 |    45 |    70 |    28 ||   187
Block: Kite shield       |       |       |   103 |    50 ||   153

Table legend:
 A = Non-vault XP
 B = Vault XP
 C = Vault XP percentage of total XP
 D = Non-vault monster count
 E = Vault monster count
 F = Vault count percentage of total count
                 A         B        C        D         E       F
            +---------+---------+-------+---------+---------+-------
      Total |    6753 |    2646 |  28.2 |     183 |      26 |  12.4
            +---------+---------+-------+---------+---------+-------
        D:1 |      35 |       1 |   2.8 |      18 |       1 |   5.3
        D:2 |      51 |       0 |   0.0 |      17 |       0 |   0.0
        D:3 |     167 |      73 |  30.4 |      15 |       2 |  11.8
        D:4 |     363 |       0 |   0.0 |      20 |       0 |   0.0
        D:5 |     709 |     268 |  27.4 |      22 |       1 |   4.3
        D:6 |     839 |       0 |   0.0 |      20 |       0 |   0.0
        D:7 |     907 |     441 |  32.7 |      22 |       7 |  24.1
        D:8 |     936 |       0 |   0.0 |      18 |       0 |   0.0
        D:9 |    1136 |     545 |  32.4 |      23 |      11 |  32.4
       D:10 |    1610 |    1318 |  45.0 |       8 |       4 |  33.3
            +---------+---------+-------+---------+---------+-------
